 Dungeon Crawl Stone Soup version 0.30.1-11-g7821555f0a (webtiles) character file.

Game seed: 16591009155970864923

14 zazaan the Grave Robber (level 2, -1/19 HPs)
             Began as a Demonspawn Necromancer on Dec 14, 2023.
             Slain by a gnoll
             ... wielding a +0 spear
              (2 damage)
             ... on level 1 of the Dungeon.
             The game lasted 00:18:45 (694 turns).

zazaan the Grave Robber (Demonspawn Necromancer)     Turns: 694, Time: 00:18:46

Health: -1/19      AC:  6    Str:  8    XL:     2   Next: 31%
Magic:  2/5        EV:  8    Int: 16    God:
Gold:   21         SH:  4    Dex: 13    Spells: 4/5 levels left

rFire   . . .        d - +0 dagger
rCold   . . .        (no shield)
rNeg    . . .        e - +0 scale mail
rPois   .            (no helmet)
rElec   .            (no cloak)
rCorr   .            (no gloves)
SInv    .            (no boots)
Will    .....        (no amulet) Stlth
                     (no ring)
HPRegen 0.23/turn    (no ring)
MPRegen 0.09/turn

%: no passive effects
@: very slightly contaminated
A: large bone plates 1
a: no special abilities


You were on level 1 of the Dungeon.
You visited 1 branch of the dungeon, and saw 1 of its levels.

You collected 21 gold pieces.

Inventory:

Hand Weapons
 d - a +0 dagger (weapon)
Missiles
 g - 6 boomerangs (quivered)
 i - 2 poisoned darts
Armour
 e - a +0 scale mail (worn)
Scrolls
 f - 2 scrolls of teleportation {unknown}
 j - a scroll of noise {unknown}
Potions
 c - a potion of brilliance {unknown}
 h - 2 potions of degeneration {unknown}


   Skills:
 - Level 1.8 Dodging
 - Level 1.8 Stealth
 + Level 2.2 Spellcasting
 + Level 4.8 Necromancy


You had 4 spell levels left.
You knew the following spells:

 Your Spells              Type           Power      Damage    Failure   Level
a - Necrotise             Necr           68%        1d7       28%         1

Your spell library contained the following spells:

 Spells                   Type           Power      Damage    Failure   Level
 Vampiric Draining        Necr           17%        2d7       63%         3
 Animate Dead             Necr           17%        N/A       95%         4
 Agony                    Necr           17%        N/A       100%        5


Dungeon Overview and Level Annotations

Branches:
Dungeon (1/15)

Altars:


Innate Abilities, Weirdness & Mutations

You are partially covered in large bone plates. (SH +4)


Message History

Casting: Necrotise (safe; 28% risk of failure)
Confirm with . or Enter, or press ? or * to list all spells.
Aiming: Necrotise (safe; 28% risk of failure)
Press: ? - help, Shift-Dir - straight line, f/p - gnoll
Aim: a gnoll, wielding a +0 spear (moderately wounded, chance to affect: 81%)
The gnoll writhes in agony.
You block the gnoll's attack.
Casting: Necrotise (safe; 28% risk of failure)
Confirm with . or Enter, or press ? or * to list all spells.
Aiming: Necrotise (safe; 28% risk of failure)
Press: ? - help, Shift-Dir - straight line, f/p - gnoll
Aim: a gnoll, wielding a +0 spear (moderately wounded, chance to affect: 81%)
You miscast Necrotise.
Nothing appears to happen.
The gnoll barely misses you. Magic courses through your body.
The gnoll barely misses you.
Casting: Necrotise (safe; 28% risk of failure)
Confirm with . or Enter, or press ? or * to list all spells.
Aiming: Necrotise (safe; 28% risk of failure)
Press: ? - help, Shift-Dir - straight line, f/p - gnoll
Aim: a gnoll, wielding a +0 spear (moderately wounded, chance to affect: 81%)
The gnoll writhes in agony.
The gnoll hits you with a +0 spear.
Casting: Necrotise (safe; 28% risk of failure)
Confirm with . or Enter, or press ? or * to list all spells.
Aiming: Necrotise (safe; 28% risk of failure)
Press: ? - help, Shift-Dir - straight line, f/p - gnoll
Aim: a gnoll, wielding a +0 spear (severely wounded, chance to affect: 81%)
The gnoll writhes in agony.
The gnoll hits you but does no damage.
Casting: Necrotise (safe; 28% risk of failure)
Confirm with . or Enter, or press ? or * to list all spells.
Aiming: Necrotise (safe; 28% risk of failure)
Press: ? - help, Shift-Dir - straight line, f/p - gnoll
Aim: a gnoll, wielding a +0 spear (severely wounded, chance to affect: 81%)
You miscast Necrotise.
Nothing appears to happen.
The gnoll hits you with a +0 spear.
* * * LOW HITPOINT WARNING * * *
Casting: Necrotise (safe; 28% risk of failure)
Confirm with . or Enter, or press ? or * to list all spells.
Aiming: Necrotise (safe; 28% risk of failure)
Press: ? - help, Shift-Dir - straight line, f/p - gnoll
Aim: a gnoll, wielding a +0 spear (severely wounded, chance to affect: 81%)
The gnoll writhes in agony.
The gnoll hits you with a +0 spear.
You die...

############
#.....g....[
#.##########
#.# #.# #.#
#[# #g# #@#
#.# #.#
#.#######
#>.......
#.#######
#...# ###.#
#.##


You could see a gnoll.

Vanquished Creatures
  A bat (D:1)
  A giant cockroach (D:1)
  3 goblins (D:1)
  A hobgoblin (D:1)
  2 jackals (D:1)
  A ball python (D:1)
  A kobold (D:1)
10 creatures vanquished.

Vanquished Creatures (collateral kills)
  A quokka (D:1)
  A frilled lizard (D:1)
2 creatures vanquished.

Grand Total: 12 creatures vanquished

Notes
Turn   | Place    | Note
-------+----------+-------------------------------------------
     0 | D:1      | zazaan the Demonspawn Necromancer began the quest for the
                  | Orb.
     0 | D:1      | Reached XP level 1. HP: 13/13 MP: 3/3
   257 | D:1      | Gained mutation: You are partially covered in large bone
                  | plates. (SH +4) [demonic ancestry]
   257 | D:1      | Reached XP level 2. HP: 15/19 MP: 1/5
   694 | D:1      | Slain by a gnoll

Illustrated notes

Levels and vault maps discovered:
D:1:      eino_arrival_tree_alley, layout_basic

Action                     || total
---------------------------++-------
  Melee: Dagger            ||    22
         Unarmed           ||     7
   Cast: Necrotise         ||    21
    Use: Potion            ||     1
 Armour: Scale mail        ||    12
         Robe              ||     3
  Dodge: Dodged            ||    18
  Block: Other             ||     3
